 Dungeon Crawl Stone Soup version 0.18-a0-1390-gc02854d (webtiles) character file.

20 Duffy the Chopper (level 2, 0/24 HPs)
             Began as a Centaur Gladiator on Feb 22, 2016.
             Slain by Robin
             ... wielding a +4 spear of venom
              (6 damage)
             ... on level 1 of the Dungeon.
             The game lasted 00:00:34 (490 turns).

Duffy the Chopper (Centaur Gladiator)                Turns: 490, Time: 00:00:34

Health: 0/24       AC:  5    Str: 17    XL:     2   Next: 58%
Magic:  2/2        EV:  9    Int:  7    God:
Gold:   77         SH:  0    Dex:  9    Spells: 0 memorised, 1 level left

rFire  . . .     SeeInvis .     a - +0 war axe
rCold  . . .     Gourm    .     b - +0 leather armour
rNeg   . . .     Faith    .     (no shield)
rPois  .         Spirit   .     c - +0 helmet
rElec  .         Dismiss  .     (no cloak)
rCorr  .         Reflect  .     (no gloves)
SustAt .         Harm     +     (no barding)
MR     .....                    k - amulet of harm
Stlth  ..........               (no ring)
                                (no ring)

@: lethally poisoned (0 -> -8), very quick, not resistant to hostile
enchantments, extremely unstealthy
A: hooves 3, deformed body, speed 2, tough skin 3
a: no special abilities


You were on level 1 of the Dungeon.
You were not hungry.

You visited 1 branch of the dungeon, and saw 2 of its levels.

You collected 77 gold pieces.


Innate Abilities, Weirdness & Mutations

You have hooves in place of feet.
Armour fits poorly on your strangely shaped body.
You cover ground very quickly.
You have extremely tough skin (AC +3).


   Skills:
 - Level 2.0 Fighting
 + Level 3.6 Axes
 - Level 2.1 Throwing
 - Level 2.1 Dodging


You had one spell level left.
You didn't know any spells.

Inventory:

Hand Weapons
 a - a +0 war axe (weapon)
Missiles
 d - 3 throwing nets (quivered)
Armour
 b - a +0 leather armour (worn)
 c - a +0 helmet (worn)
Jewellery
 h - an uncursed amulet of magic regeneration
 k - an amulet of harm (around neck)
Scrolls
 i - a scroll of enchant weapon {unknown}
 j - a scroll of immolation {unknown}
 l - a scroll of noise {unknown}
Potions
 e - a potion of invisibility {unknown}
 g - 2 potions of magic {unknown}
Comestibles
 f - 2 bread rations

Dungeon Overview and Level Annotations

Branches:
Dungeon (2/15)

Altars:

Annotations:
D:1 Robin


Message History

You hit the goblin.
You kill the goblin!
You hit the hobgoblin but do no damage. You closely miss the goblin.
You feel sick. The goblin hits you but does no damage.
Robin throws the goblin at you! The goblin hits you but does no damage.
The hobgoblin hits you with a club.
You are too injured to fight recklessly!
You are too injured to fight recklessly!
You are too injured to fight recklessly!
You are too injured to fight recklessly!
You are too injured to fight recklessly!
You are too injured to fight recklessly!
You are too injured to fight recklessly!
You are too injured to fight recklessly!
You are too injured to fight recklessly!
You are too injured to fight recklessly!
You are too injured to fight recklessly!
You are too injured to fight recklessly!
You are too injured to fight recklessly!
You are too injured to fight recklessly!
You are too injured to fight recklessly!
You are too injured to fight recklessly!
You are too injured to fight recklessly!
You are too injured to fight recklessly!
You are too injured to fight recklessly!
You barely miss Robin.
Robin is moderately wounded.
You hit the hobgoblin.
You kill the hobgoblin!
You barely miss the goblin. You miss the goblin.
The goblin is moderately wounded.
You feel sick. The goblin barely misses you. Robin throws the goblin at you!
The goblin hits you but does no damage. x2
Robin hits you with a spear of venom.
You die...

##.###..# #.# ##.# #..#
#..###.#####.. ##.##
#............. #..#
#####..######. #.##
##(##..##. #.###### #.##..##.
#.##...#####.###....
####.##%...............
#....g@g............##.
#....g........##....##.
#.............##.......
#........##............
#....%...##............
#..)..((...............
#......................
#......##..........[...
#######.##...##...........<..


You could see Robin and 2 goblins.

Action                   || total
-------------------------++-------
Melee: War axe           ||    31

Notes
Turn   | Place    | Note
--------------------------------------------------------------
     0 | D:1      | Duffy the Centaur Gladiator began the quest for the Orb.
     0 | D:1      | Reached XP level 1. HP: 17/17 MP: 1/1
    29 | D:1      | Reached skill level 3 in Axes
   111 | D:1      | Reached XP level 2. HP: 24/24 MP: 2/2
   485 | D:2      | Noticed Robin
   490 | D:1      | Slain by Robin

Vault maps used:
D:1:      dpeg_arrival_stonehenge_12_columns
D:2:      lemuel_coloured_pillars_altar, first_bread, uniq_robin, uniq_natasha

Vanquished Creatures
  2 dart slugs
  3 giant cockroaches
  2 goblins
  3 hobgoblins
  2 kobolds
  A giant newt
  2 rats
15 creatures vanquished.
